 Dungeon Crawl Stone Soup version 0.20-a0-855-gd83b866 (webtiles) character file.

2457 qpzil the Basher (level 9, -2/82 HPs)
             Began as a Minotaur Berserker on Mar 11, 2017.
             Was an Elder of Trog.
             Slain by a steam dragon (3 damage)
             ... on level 6 of the Dungeon.
             The game lasted 00:17:23 (4487 turns).

qpzil the Basher (Minotaur Berserker)               Turns: 4487, Time: 00:17:24

Health: -2/82      AC: 10    Str: 25      XL:     9   Next: 26%
Magic:  8/8        EV:  6    Int:  4      God:    Trog [****..]
Gold:   380        SH: 13    Dex: 11 (12) Spells: 8/8 levels left

rFire    . . .     SeeInvis .   y - +0 flail
rCold    . . .     Gourm    .   w - +2 ring mail {MR+}
rNeg     . . .     Faith    .   t - +1 large shield
rPois    .         Spirit   .   (helmet restricted)
rElec    .         Reflect  .   e - +0 cloak
rCorr    +         Harm     .   j - +0 pair of gloves
MR       +....                  u - +0 pair of boots
Stlth    +.........             (no amulet)
Regen    0.3/turn               (no ring)
MPRegen  0.2/turn               n - ring of resist corrosion

@: no status effects
A: retaliatory headbutt, horns 2, deterioration 1, screaming 1, strong 1, wild
magic 1
a: Berserk, Trog's Hand, Brothers in Arms, Burn Spellbooks, Renounce Religion


You were on level 6 of the Dungeon.
You worshipped Trog.
Trog was greatly pleased with you.
You were not hungry.

You visited 1 branch of the dungeon, and saw 6 of its levels.
You also visited: Sewer.

You collected 380 gold pieces.

Inventory:

Hand Weapons
 y - a +0 flail (weapon)
 D - a +0 blowgun
Missiles
 E - 5 poisoned needles
Armour
 e - a +0 cloak (worn)
 j - a +0 pair of gloves (worn)
 t - a +1 large shield (worn)
 u - a +0 pair of boots (worn)
 w - a +2 ring mail of magic resistance (worn)
Jewellery
 h - an uncursed amulet of the gourmand
 n - a ring of resist corrosion (left hand)
 v - an uncursed amulet of regeneration
Wands
 b - a wand of confusion (34/48)
 G - a wand of flame (20/48)
Scrolls
 k - a scroll of identify
 l - a scroll of enchant weapon
 m - 2 scrolls of magic mapping
 q - 6 scrolls of teleportation
 A - a scroll of fog {unknown}
 B - a scroll of fear
 C - a scroll of recharging
Potions
 a - a potion of heal wounds {unknown}
 d - 2 potions of curing
 f - 3 potions of flight
 o - 2 potions of agility
 r - a potion of lignification {unknown}
 s - 2 potions of mutation
 z - 2 potions of might
Comestibles
 c - 2 bread rations
 g - 3 royal jellies
 i - 5 fruits
 p - 3 meat rations
 F - a chunk of flesh


   Skills:
 * Level 8.3 Fighting
 + Level 13.0 Maces & Flails
 - Level 2.4 Armour
 - Level 2.1 Dodging


You had 8 spell levels left.
You didn't know any spells.

Dungeon Overview and Level Annotations

Branches:
Dungeon (6/15)
 Temple: D:4-7

Altars:
Dithmenos
Elyvilon
Gozag
Nemelex Xobeh
Okawaru
Trog
Wu Jian
Xom
Yredelemnul


Innate Abilities, Weirdness & Mutations

You reflexively headbutt those who attack you in melee.
You have a pair of horns on your head.
Your body sometimes deteriorates upon taking damage.
You occasionally shout uncontrollably at your foes.
Your muscles are strong. (Str +2)
Your spells are a little harder to cast, but a little more powerful.


Message History

You block the steam dragon's attack. The steam dragon claws you.
* * * LOW HITPOINT WARNING * * *
You sock the steam dragon! Your headbutt misses the steam dragon.
The steam dragon is heavily wounded.
You are engulfed in a cloud of scalding steam.
* * * LOW HITPOINT WARNING * * *
The fungus is engulfed in a cloud of scalding steam.
The steam dragon barely misses you. You block the steam dragon's attack. x2
The steam dragon claws you but does no damage.
You closely miss the steam dragon.
The steam dragon is heavily wounded.
The fungus is engulfed in a cloud of scalding steam.
You block the steam dragon's attack. x3
The steam dragon claws you but does no damage.
You hit the steam dragon.
The steam dragon is lightly wounded.
You are engulfed in a cloud of scalding steam.
* * * LOW HITPOINT WARNING * * *
You block the steam dragon's attack. The steam dragon claws you.
You die...

#.# ####≈.## #.#
#..#..≈# .# #.#
#.##≈.P# .# #.#
##.##≈.P# .# #.#
##...#..≈#
#.###....#≈.P#
.######.......§#≈.≈##
.#...........##.≈.≈.#
.#.#######..##PD@..§#
.#.########.#≈..D..PP#
.#..........#≈P....≈P#
.############≈......##
.## ##P≈..≈.#
..######## ##P≈≈###
.......... #####
..######## .##


You could see 2 steam dragons.

Vanquished Creatures
  Pikel (D:4)
  Grinder (D:3)
  The ghost of badtown the Slinger, an amateur HaHu of Okawaru (D:5)
  Menkaure (D:4)
  2 ice beasts (D:6)
  A sky beast (D:5)
  An ogre (D:4)
  A phantom (D:5)
  A bullfrog (D:5)
  4 scorpions (D:5)
  A howler monkey (D:4)
  5 crimson imps (D:5)
  A bullfrog skeleton (D:5)
  A centaur zombie (D:5)
  An orc wizard (D:3)
  Crazy Yiuf (D:3)
  A centaur skeleton (D:5)
  4 worker ants
  Natasha (thrice) (D:3)
  7 gnolls
  A howler monkey skeleton (D:4)
  10 adders
  4 oozes
  An adder skeleton (D:4)
  4 worms (Sewer)
  4 dart slugs
  3 leopard geckos
  14 orcs
  3 ball pythons
  4 giant cockroaches
  6 goblins
  10 hobgoblins
  7 jackals
  A quokka (D:2)
  6 bats
  4 frilled lizards
  10 kobolds
  8 rats
  A fungus (D:3)
140 creatures vanquished.

Vanquished Creatures (others)
  A hound (D:4)
1 creature vanquished.

Grand Total: 141 creatures vanquished

Notes
Turn   | Place    | Note
-------+----------+-------------------------------------------
     0 | D:1      | qpzil the Minotaur Berserker began the quest for the Orb.
     0 | D:1      | Reached XP level 1. HP: 19/19 MP: 0/0
    86 | D:1      | Reached skill level 4 in Maces & Flails
   112 | D:1      | Reached XP level 2. HP: 12/26 MP: 1/1
   358 | D:1      | Reached skill level 5 in Maces & Flails
   612 | D:2      | Reached XP level 3. HP: 30/31 MP: 2/2
   666 | D:2      | Found an iron altar of Okawaru.
   702 | D:2      | Found a bloodstained altar of Trog.
   704 | D:2      | Found an iron altar of Okawaru.
   993 | D:2      | Reached ** piety under Trog
  1161 | D:3      | Reached XP level 4. HP: 30/39 MP: 3/3
  1165 | D:3      | Reached skill level 6 in Maces & Flails
  1312 | D:3      | Noticed Natasha
  1318 | D:3      | Killed Natasha
  1581 | D:3      | Noticed Natasha
  1587 | D:3      | Killed Natasha
  1587 | D:3      | Reached skill level 7 in Maces & Flails
  1587 | D:3      | Reached XP level 5. HP: 45/45 MP: 4/4
  1595 | D:3      | Noticed Grinder
  1602 | D:3      | Killed Grinder
  1602 | D:3      | Reached skill level 8 in Maces & Flails
  1602 | D:3      | Reached XP level 6. HP: 43/51 MP: 5/5
  1613 | D:3      | Noticed Natasha
  1618 | D:3      | Killed Natasha
  1618 | D:3      | Reached skill level 9 in Maces & Flails
  1802 | D:3      | Gained mutation: You occasionally shout uncontrollably at your foes. [potion of mutation]
  1802 | D:3      | Gained mutation: Your body sometimes deteriorates upon taking damage. [potion of mutation]
  1802 | D:3      | Gained mutation: Your muscles are strong. (Str +2) [potion of mutation]
  1802 | D:3      | Gained mutation: Your spells are a little harder to cast, but a little more powerful. [potion of mutation]
  2123 | D:3      | Found a runed door.
  2127 | D:3      | Noticed Crazy Yiuf
  2133 | D:3      | Killed Crazy Yiuf
  2270 | D:4      | Reached XP level 7. HP: 55/57 MP: 6/6
  2284 | D:4      | Found a shadowy altar of Dithmenos.
  2288 | D:4      | Found an ornate altar of the Wu Jian Council.
  2349 | D:4      | Reached skill level 10 in Maces & Flails
  2385 | D:4      | Noticed Pikel
  2575 | D:4      | Killed Pikel
  2575 | D:4      | Reached skill level 11 in Maces & Flails
  2575 | D:4      | Reached XP level 8. HP: 54/64 MP: 7/7
  2781 | D:4      | Found a white marble altar of Elyvilon.
  2821 | D:4      | Noticed Menkaure
  2828 | D:4      | Killed Menkaure
  2828 | D:4      | Reached skill level 12 in Maces & Flails
  2970 | D:4      | Reached *** piety under Trog
  3060 | D:4      | Found a basalt altar of Yredelemnul.
  3162 | D:5      | Entered Level 5 of the Dungeon
  3183 | D:5      | Noticed badtown's ghost (amateur HaHu)
  3195 | D:5      | Killed badtown's ghost
  3195 | D:5      | Reached skill level 5 in Fighting
  3252 | D:5      | Found a shimmering altar of Xom.
  3551 | D:5      | Reached XP level 9. HP: 79/79 MP: 8/8
  3624 | D:5      | Found a bloodstained altar of Trog.
  3655 | D:5      | Found an opulent altar of Gozag.
  3656 | D:5      | Found a sparkling altar of Nemelex Xobeh.
  3802 | D:5      | Found a glowing drain.
  3811 | Sewer    | Entered a sewer
  4255 | D:6      | Reached **** piety under Trog
  4284 | D:6      | Reached skill level 13 in Maces & Flails
  4487 | D:6      | HP: 1/82 [steam dragon] (6)]
  4487 | D:6      | Slain by a steam dragon

Vault maps used:
D:1:      dpeg_arrival_renting, kennysheep_boxes
D:2:      chequers_temple_overflow_statue_of_worship, okawaru_ov_weapons_minmay
D:3:      guppyfry_early_orc_mine, uniq_natasha, uniq_crazy_yiuf_cottage,
          uniq_grinder
D:4:      kennysheep_ying_yang, nicolae_overflow_hidden_temple, uniq_menkaure,
          uniq_pikel
D:5:      grunt_temple_overflow_opulence, portal_sewer_entry_d, basic_altar,
          first_bread, chequers_big_river, led_xom_imps
D:6:      kennysheep_steamy, minmay_ruined_shrine
Sewer:    sewer_co_15_rooms

Skill      XL: |  1  2  3  4  5  6  7  8  9 |
---------------+----------------------------+-----
Maces & Flails | 4 5 7 8 9 11 12 13 | 13.0
Fighting       | 7 8 |  8.3
Armour         | |  2.4
Dodging        | |  2.1

Action                   |  1- 3 |  4- 6 |  7- 9 || total
-------------------------+-------+-------+-------++-------
Melee: Mace              |    77 |    74 |   159 ||   310
       Headbutt          |     3 |    18 |    62 ||    83
       Flail             |       |       |   116 ||   116
Invok: Berserk           |       |     1 |     2 ||     3
  Use: Potion            |     3 |     2 |       ||     5
       Scroll            |     6 |     2 |     2 ||    10
 Stab: Sleeping          |     1 |       |       ||     1
  Eat: Chunk             |     1 |     4 |     5 ||    10
       Bread ration      |       |       |     1 ||     1
Armor: Animal skin       |    12 |    12 |     9 ||    33
       Ring mail         |       |       |    58 ||    58
Dodge: Dodged            |    42 |    17 |    43 ||   102
Block: Large shield      |    14 |    53 |   151 ||   218
